 Dungeon Crawl Stone Soup version 0.31-a0-187-gba352fbbf7 (webtiles) character file.

Game seed: 14376267399443798112

9751 qw the Markself (level 11, -11/66 (67) HPs)
             Began as a Deep Elf Hunter on June 22, 2023.
             Was an Elder of Okawaru.
             Mangled by a spectral cane toad (12 damage)
             ... in a Gauntlet.
             The game lasted 00:03:21 (8049 turns).

qw the Markself (Deep Elf Hunter)                   Turns: 8049, Time: 00:03:21

HP:   -11/66 (67)   AC: 12    Str: 12    XL:     11   Next: 27%
MP:   15/16         EV: 26    Int: 15    God:    Okawaru [****..]
Gold: 555           SH:  0    Dex: 18    Spells: 10/10 levels left

rFire   . . .        Y - +6 orcbow (freeze)
rCold   . . .        (shield currently unavailable)
rNeg    + . .        c - +0 acid dragon scales
rPois   .            j - +0 hat of the Stained God {rN+}
rElec   .            u - +2 cloak
rCorr   +            (no gloves)
SInv    +            k - +0 pair of boots
Will    +....        (no amulet)
Stlth   +++          o - ring of see invisible
HPRegen 0.31/turn    d - +5 ring of evasion
MPRegen 0.15/turn

%: no teleportation
@: heroic, lightly drained
A: no striking features
a: Renounce Religion, Heroism, Finesse


You were in a Gauntlet.
You worshipped Okawaru.
Okawaru was greatly pleased with you.
You visited 3 branches of the dungeon, and saw 11 of its levels.
You also visited: Ossuary and Gauntlet.

You collected 555 gold pieces.


   Skills:
 - Level 7.0(12.0) Fighting
 - Level 16.0(21.0) Ranged Weapons
 - Level 3.1(8.1) Armour
 + Level 10.6(15.6) Dodging
 - Level 1.2(6.2) Stealth
 + Level 4.2 Invocations


You had 10 spell levels left.
You didn't know any spells.
Your spell library was empty.

Inventory:

Hand Weapons
 Y - a +6 orcbow of freezing (weapon)
Armour
 c - +0 acid dragon scales (worn)
 j - the +0 hat of the Stained God (worn) {rN+}
   (You acquired it in an ossuary)

   rN:        It protects you from negative energy.
 k - a +0 pair of boots (worn)
 u - a +2 cloak (worn)
Jewellery
 d - a +5 ring of evasion (right hand)
 o - a ring of see invisible (left hand)
 p - a ring of positive energy
 r - a ring of protection from cold
 s - the amulet "Bublosil" {Reflect Fragile Str+4 SH+5}
   (You found it on level 8 of the Dungeon)

   [amulet of reflection]

   It reflects blocked missile attacks.
   Str:       It affects your strength (+4).
   Fragile:   It will be destroyed if unequipped.
   SH:        It affects your SH (+5).
Wands
 h - a wand of digging (4)
Scrolls
 a - 3 scrolls of identify
Potions
 b - 6 potions of enlightenment
 e - 2 potions of curing
 l - a potion of mutation
 m - a potion of might
 n - 2 potions of cancellation

Dungeon Overview and Level Annotations

Branches:
Dungeon (9/15)             Temple (1/1) D:7            Lair (1/5) D:9
Ossuary (visited)         Gauntlet (1/1)
    Orc: D:9-12

Altars:
Ashenzari
Dithmenos
Elyvilon
Fedhas
Gozag
Hepliaklqana
Kikubaaqudgha
Makhleb
Okawaru
Ru
Sif Muna
Trog
Uskayaw
Vehumet
Wu Jian
Xom
The Shining One

Shops:
D:1 *   D:5 :

Annotations:
Gauntlet 11 transporters, 2 runed translucent doors


Message History

The spectral eight-headed hydra completely misses you.
The spectral eight-headed hydra barely misses you.
The spectral eight-headed hydra bites you. x2
You partially resist.
You feel drained.
The spectral eight-headed hydra bites you!
You partially resist.
You feel drained.
The spectral eight-headed hydra bites you.
You partially resist.
You feel drained.
You shoot an arrow.
The arrow hits the spectral eight-headed hydra.
The spectral eight-headed hydra is severely damaged.
The death scarab completely misses you.
The spectral eight-headed hydra misses you.
The spectral eight-headed hydra bites you but does no damage.
The spectral eight-headed hydra completely misses you. x2
The spectral eight-headed hydra bites you but does no damage.
The spectral eight-headed hydra misses you. x2
The spectral eight-headed hydra barely misses you.
You shoot an arrow.
The arrow hits the spectral eight-headed hydra!
The arrow freezes the spectral eight-headed hydra.
You destroy the spectral eight-headed hydra!
Okawaru accepts your kill.
You can now speed up your combat.
The death scarab waves its antennae.
The death scarab closely misses you. The death scarab completely misses you.
You shoot an arrow.
The arrow hits the death scarab but does no damage.
The death scarab completely misses you. The spectral cane toad misses you.
The death scarab misses you.
You shoot an arrow. The arrow hits the death scarab!
The arrow freezes the death scarab.
The death scarab is moderately damaged.
The death scarab bites you!
The death scarab draws strength from your injuries!
The spectral cane toad misses you.
You shoot an arrow. The arrow hits the death scarab!
The arrow freezes the death scarab.
The death scarab is severely damaged.
The death scarab completely misses you. The spectral cane toad hits you!
You die...

.!^".4#.####^####.#YYY^YY.#..##
###########################..~#
#.^.........^.........^.#.¤¤###
#...........^...........#..¤¤#
#########################..###
.......#.##.##.###.........~#
.......#.##.##.###........###
#¤#~#..#......#Z.#..#¤#~#¤#
#####..###.##.##@#..#######
#~..###.##.##.#..~#
#####..#Z......#B#..#######
#~#~#..##.##.##.##..#~#~#~#
.......#####.#####........###
.......#BB?.^=$.Z#.........~#
#########################..###
#...........^...........#...~#
#.^.........^.........^.#...###


You could see a spectral cane toad and a death scarab.

Vanquished Creatures
  A tengu warrior (Gauntlet)
  A spectral hydra (Gauntlet)
  Pikel (D:4)
  Psyche (D:8)
  A kobold demonologist (D:9)
  A komodo dragon (Lair:1)
  2 tengu conjurers (Gauntlet)
  4 blink frogs (Lair:1)
  Sigmund (D:4)
  2 shadows (D:9)
  A wraith (D:9)
  A basilisk (Lair:1)
  13 yaks
  A steam dragon (D:8)
  5 water moccasins
  An acid dragon (D:9)
  Duvessa (D:5)
  3 orc warriors
  An ice beast (D:7)
  3 black bears
  2 ogres (D:6)
  2 centaurs
  A lemure (D:4)
  A phantom (D:5)
  3 kobold brigands
  4 bullfrogs
  4 scorpions
  A wight (D:8)
  Dowan (D:5)
  A killer bee (D:9)
  3 howler monkeys
  2 gnoll boudas
  An orc priest (D:6)
  2 hounds
  A human zombie (Ossuary)
  5 iguanas
  A sleepcap (D:7)
  4 orc wizards
  A hound zombie (Ossuary)
  4 mummies (Ossuary)
  7 gnolls
  10 adders
  2 shadow imps
  3 adder zombies (Ossuary)
  2 worms (D:2)
  3 dart slugs
  19 orcs
  6 endoplasms
  A giant cockroach (D:2)
  A gnoll zombie (Ossuary)
  11 goblins
  11 hobgoblins
  2 jackals (D:1)
  2 quokkas
  10 ball pythons
  4 bats
  3 frilled lizards
  2 goblin zombies (Ossuary)
  A jackal zombie (Ossuary)
  9 kobolds
  A kobold zombie (Ossuary)
  An orc zombie (Ossuary)
  5 rats
  A rat zombie (Ossuary)
206 creatures vanquished.

Notes
Turn   | Place    | Note
-------+----------+-------------------------------------------
     0 | D:1      | qw the Deep Elf Hunter began the quest for the Orb.
     0 | D:1      | Reached XP level 1. HP: 12/12 MP: 3/3
     0 | D:1      | 0 ||| qw: Version: 0.3-a-9-g12657ce
     0 | D:1      | 0 ||| qw: Game counter: 2552
     0 | D:1      | 0 ||| qw: Always use a shield: true
     0 | D:1      | 0 ||| qw: God list: Okawaru
     0 | D:1      | 0 ||| qw: Allow faded altars: false
     0 | D:1      | 0 ||| qw: Do Orc after D:15 true
     0 | D:1      | 0 ||| qw: Do second Lair branch before Depths: true
     0 | D:1      | 0 ||| qw: Lair rune preference: random
     0 | D:1      | 0 ||| qw: Plans: Normal
     0 | D:1      | 0 ||| PLANNING D:1-11
    66 | D:1      | Found Vymiufot's General Store.
    74 | D:1      | 74 ||| SHOPLISTING +0 helmet (63 gold, have 24).
    74 | D:1      | 74 ||| SHOPLISTING +0 ring mail of poison resistance (112
                  | gold, have 24).
    74 | D:1      | 74 ||| SHOPLISTING potion of curing (42 gold, have 24).
    74 | D:1      | 74 ||| SHOPLISTING scroll of brand weapon (133 gold, have
                  | 24).
   125 | D:1      | Reached XP level 2. HP: 16/16 MP: 4/4
   126 | D:1      | Reached skill level 6 in Ranged Weapons
   588 | D:1      | 588 ||| READING 5 scrolls labelled IROORIEGOZA.
   589 | D:1      | 589 ||| READING scroll labelled FIUBIE PIEXAM.
   590 | D:1      | 590 ||| DROPPING scroll of butterflies.
   689 | D:2      | Noticed a scorpion
   695 | D:2      | Killed a scorpion
   696 | D:2      | Reached skill level 7 in Ranged Weapons
   696 | D:2      | Reached XP level 3. HP: 7/20 MP: 5/5
   696 | D:2      | Reached XP level 4. HP: 9/25 MP: 6/6
   697 | D:2      | HP: 5/25 [poisoned by a scorpion]
   701 | D:2      | HP: 2/25 [poisoned by a scorpion]
   841 | D:2      | Reached skill level 8 in Ranged Weapons
   897 | D:2      | 897 ||| READING scroll of enchant weapon.
   897 | D:2      | 897 ||| ENCHANTING +1 shortbow.
   943 | D:2      | Found a faded altar of an unknown god.
  1287 | D:2      | Reached XP level 5. HP: 29/29 MP: 7/7
  1509 | D:2      | 1509 ||| UPGRADING to +0 scale mail.
  1519 | D:2      | 1519 ||| DROPPING +0 leather armour.
  1520 | D:2      | 1520 ||| UPGRADING to ring of positive energy.
  1521 | D:2      | 1521 ||| READING scroll labelled VOCRIR LAL.
  1522 | D:2      | 1522 ||| READING scroll labelled BOVOAZXY OPAME.
  1523 | D:2      | 1523 ||| READING scroll labelled XIGAITT HIEHA.
  1523 | D:2      | Identified a scroll of acquirement
  1523 | D:2      | 1523 ||| ACQUIRING +5 orcbow of freezing
  1523 | D:2      | Acquired a +5 orcbow of freezing
  1525 | D:2      | 1525 ||| SWAPPING to +5 orcbow of freezing.
  1526 | D:2      | 1526 ||| DROPPING +2 shortbow.
  1527 | D:2      | 1527 ||| DRINKING 2 silvery potions.
  1528 | D:2      | 1528 ||| READING 4 scrolls of identify.
  1528 | D:2      | 1528 ||| IDENTIFYING emerald potion
  1529 | D:2      | 1529 ||| READING 3 scrolls of identify.
  1529 | D:2      | 1529 ||| IDENTIFYING fuming blue potion
  1917 | D:3      | Found a shadowy altar of Dithmenos.
  2086 | D:3      | Reached skill level 9 in Ranged Weapons
  2123 | D:3      | 2123 ||| UPGRADING to +0 ring mail.
  2133 | D:3      | 2133 ||| DROPPING +0 scale mail.
  2145 | D:4      | Noticed a lemure
  2146 | D:4      | Noticed a lemure
  2148 | D:4      | Noticed Pikel
  2148 | D:4      | Noticed a lemure
  2153 | D:4      | HP: 6/29 [Pikel/+2 whip of freezing (10)]
  2153 | D:4      | Noticed a lemure
  2154 | D:4      | 2154 ||| DRINKING potion of heal wounds.
  2156 | D:4      | Killed a lemure
  2159 | D:4      | HP: 7/29 [Pikel/+2 whip of freezing (9)]
  2161 | D:4      | Killed Pikel
  2162 | D:4      | Reached XP level 6. HP: 9/40 MP: 8/8
  2162 | D:4      | Reached XP level 7. HP: 10/44 MP: 9/9
  2162 | D:4      | 2162 ||| FLEEEEING.
  2163 | D:4      | 2163 ||| STAIRDANCE
  2164 | D:3      | HP: 6/44 [poisoned by an adder]
  2405 | D:4      | Noticed Sigmund
  2406 | D:4      | 2406 ||| Stepping ~*~*~tactically~*~*~ (outnumbered).
  2408 | D:4      | 2408 ||| Stepping ~*~*~tactically~*~*~ (outnumbered).
  2415 | D:4      | Killed Sigmund
  2416 | D:4      | Reached skill level 10 in Ranged Weapons
  2687 | D:4      | 2687 ||| FLEEEEING.
  2688 | D:4      | 2688 ||| FLEEEEING.
  2689 | D:4      | 2689 ||| FLEEEEING.
  2698 | D:4      | 2698 ||| FLEEEEING.
  2699 | D:4      | 2699 ||| FLEEEEING.
  2705 | D:4      | 2705 ||| FLEEEEING.
  2712 | D:4      | 2712 ||| STAIRDANCE
  2800 | D:3      | 2800 ||| UPGRADING to +0 cloak.
  2805 | D:3      | 2805 ||| UPGRADING to +5 ring of evasion.
  2809 | D:4      | Reached skill level 3 in Dodging
  2927 | D:4      | 2927 ||| Stepping ~*~*~tactically~*~*~ (outnumbered).
  2929 | D:4      | 2929 ||| Stepping ~*~*~tactically~*~*~ (outnumbered).
  2932 | D:4      | 2932 ||| Stepping ~*~*~tactically~*~*~ (outnumbered).
  3068 | D:5      | Entered Level 5 of the Dungeon
  3069 | D:5      | 3069 ||| PLANNING OSSUARY
  3080 | D:5      | Reached skill level 1 in Armour
  3195 | D:5      | Reached XP level 8. HP: 48/48 MP: 10/10
  3205 | D:5      | Noticed Duvessa
  3209 | D:5      | Killed Duvessa
  3224 | D:5      | Noticed Dowan
  3227 | D:5      | Found a sand-covered staircase.
  3231 | D:5      | Killed Dowan
  3232 | D:5      | Reached skill level 11 in Ranged Weapons
  3289 | Ossuary  | Entered an ossuary
  3396 | Ossuary  | 3396 ||| READING scroll of acquirement.
  3396 | Ossuary  | 3396 ||| ACQUIRING +0 hat of the Stained God {rN+}
  3396 | Ossuary  | Acquired the +0 hat of the Stained God {rN+}
  3398 | Ossuary  | 3398 ||| UPGRADING to +0 hat of the Stained God {rN+}.
  3506 | Ossuary  | 3506 ||| READING 2 scrolls labelled MAOTUR POTUKAHU.
  3507 | Ossuary  | 3507 ||| DRINKING 3 glowing amethyst potions.
  3549 | Ossuary  | 3549 ||| DRINKING 2 pink potions.
  3550 | Ossuary  | 3550 ||| DRINKING 2 brown potions.
  3551 | Ossuary  | 3551 ||| DROPPING scroll of revelation.
  3552 | Ossuary  | 3552 ||| DROPPING 2 potions of lignification.
  3564 | D:5      | 3564 ||| PLANNING D:1-11
  3671 | D:5      | Found the +3 warlock's mirror {omnireflect}
  3677 | D:5      | Reached skill level 12 in Ranged Weapons
  3769 | D:5      | Found Xokuon's Book Emporium.
  3917 | D:5      | 3917 ||| UPGRADING to +0 pair of boots.
  3922 | D:5      | 3922 ||| READING scroll labelled FYFYVO QEEHOIL.
  4113 | D:6      | Reached skill level 13 in Ranged Weapons
  4263 | D:6      | 4263 ||| Stepping ~*~*~tactically~*~*~ (outnumbered).
  4265 | D:6      | Reached XP level 9. HP: 48/53 MP: 11/11
  4576 | D:6      | 4576 ||| UPGRADING to +2 leather armour of cold resistance.
  4586 | D:6      | 4586 ||| UPGRADING to ring of see invisible.
  4588 | D:6      | 4588 ||| READING scroll labelled BESAGA SIRRUHO.
  4589 | D:6      | 4589 ||| READING scroll labelled LUOMOT DOOLEHI.
  4590 | D:6      | 4590 ||| READING scroll labelled RARIROIXAN.
  4591 | D:6      | 4591 ||| READING 7 scrolls of identify.
  4591 | D:6      | 4591 ||| IDENTIFYING glowing purple potion
  4592 | D:6      | 4592 ||| READING 6 scrolls of identify.
  4592 | D:6      | 4592 ||| IDENTIFYING sapphire potion
  4593 | D:6      | 4593 ||| DROPPING potion of magic.
  4595 | D:6      | 4595 ||| STAIRDANCE
  4910 | D:7      | Found a flagged portal.
  4970 | D:7      | Reached skill level 14 in Ranged Weapons
  5020 | D:7      | Reached skill level 6 in Dodging
  5344 | D:7      | Found a staircase to the Ecumenical Temple.
  5345 | D:7      | 5345 ||| PLANNING TEMPLE
  5345 | D:7      | 5345 ||| READING scroll labelled ECUOSS YKHLEK.
  5346 | D:7      | 5346 ||| READING 5 scrolls of identify.
  5346 | D:7      | 5346 ||| IDENTIFYING viscous orange potion
  5347 | D:7      | 5347 ||| DROPPING potion of invisibility.
  5356 | Temple   | Entered the Ecumenical Temple
  5523 | Temple   | 5523 ||| Stepping randomly (stuck).
  5524 | Temple   | 5524 ||| PLANNING D:1-11
  5633 | D:7      | Found an iron altar of Okawaru.
  5634 | D:7      | 5634 ||| PLANNING OKAWARU WORSHIP
  5640 | D:7      | Became a worshipper of Warmaster Okawaru
  5641 | D:7      | 5641 ||| PLANNING D:1-11
  5950 | D:8      | Reached skill level 15 in Ranged Weapons
  6111 | D:8      | Reached * piety under Okawaru
  6117 | D:8      | 6117 ||| INVOKING Heroism.
  6124 | D:8      | Reached skill level 16 in Ranged Weapons
  6124 | D:8      | Reached skill level 1 in Invocations
  6250 | D:8      | Identified the amulet "Bublosil" {Reflect Fragile Str+4
                  | SH+5}
  6267 | D:8      | Noticed Psyche
  6268 | D:8      | 6268 ||| INVOKING Heroism.
  6272 | D:8      | Killed Psyche
  6273 | D:8      | Reached XP level 10. HP: 58/58 MP: 10/13
  6396 | D:8      | 6396 ||| INVOKING Heroism.
  6398 | D:8      | 6398 ||| Stepping ~*~*~tactically~*~*~ (outnumbered).
  6578 | D:8      | 6578 ||| Stepping ~*~*~tactically~*~*~ (outnumbered).
  6596 | D:8      | 6596 ||| DROPPING ring of flight.
  6597 | D:8      | 6597 ||| DROPPING ring of ice.
  6598 | D:8      | 6598 ||| READING scroll labelled DODETZ WEDAI.
  6675 | D:9      | Reached skill level 3 in Invocations
  6708 | D:9      | 6708 ||| FLEEEEING.
  6709 | D:9      | 6709 ||| FLEEEEING.
  6719 | D:9      | 6719 ||| FLEEEEING.
  6721 | D:9      | 6721 ||| FLEEEEING.
  6965 | D:9      | Identified the +1 leather armour of Slovenliness {+Inv}
  7033 | D:9      | Reached ** piety under Okawaru
  7133 | D:9      | 7133 ||| READING scroll of enchant weapon.
  7133 | D:9      | 7133 ||| ENCHANTING +5 orcbow of freezing.
  7197 | D:9      | Found a staircase to the Lair.
  7296 | D:9      | Reached skill level 9 in Dodging
  7311 | D:9      | 7311 ||| INVOKING Heroism.
  7415 | D:9      | 7415 ||| PLANNING LAIR
  7415 | D:9      | 7415 ||| UPGRADING to +0 acid dragon scales.
  7425 | D:9      | 7425 ||| DROPPING +0 ring mail.
  7426 | D:9      | 7426 ||| DROPPING +1 leather armour of Slovenliness {+Inv}.
  7427 | D:9      | 7427 ||| DROPPING +2 leather armour of cold resistance.
  7428 | D:9      | 7428 ||| UPGRADING to +2 cloak.
  7438 | D:9      | 7438 ||| DROPPING +0 cloak.
  7439 | D:9      | 7439 ||| READING scroll labelled RESEGEXZ MYALUMN.
  7443 | D:9      | 7443 ||| READING 6 scrolls of identify.
  7443 | D:9      | 7443 ||| IDENTIFYING smoky dark potion
  7444 | D:9      | 7444 ||| READING 5 scrolls of identify.
  7444 | D:9      | 7444 ||| IDENTIFYING fizzy ruby potion
  7445 | D:9      | 7445 ||| DROPPING potion of degeneration.
  7446 | D:9      | 7446 ||| DROPPING potion of berserk rage.
  7472 | Lair:1   | Entered Level 1 of the Lair of Beasts
  7473 | Lair:1   | 7473 ||| PLANNING GAUNTLET
  7473 | Lair:1   | 7473 ||| INVOKING Heroism.
  7484 | Lair:1   | Reached *** piety under Okawaru
  7485 | Lair:1   | Reached skill level 3 in Armour
  7491 | Lair:1   | Reached skill level 6 in Fighting
  7527 | Lair:1   | 7527 ||| INVOKING Heroism.
  7531 | Lair:1   | Reached XP level 11. HP: 64/64 MP: 13/16
  7662 | Lair:1   | Found a gate leading to a gauntlet.
  7663 | Lair:1   | 7663 ||| READING 4 scrolls of identify.
  7663 | Lair:1   | 7663 ||| IDENTIFYING blue potion
  7664 | Lair:1   | 7664 ||| DROPPING potion of brilliance.
  7673 | Gauntlet | Entered a Gauntlet
  7673 | Gauntlet | Noticed a tengu warrior
  7673 | Gauntlet | Found a transporter.
  7673 | Gauntlet | Found a transporter.
  7673 | Gauntlet | Found a runed translucent door.
  7673 | Gauntlet | Found a runed translucent door.
  7690 | Gauntlet | Found a transporter.
  7701 | Gauntlet | Noticed a death scarab
  7703 | Gauntlet | Found a transporter.
  7703 | Gauntlet | Found a transporter.
  7705 | Gauntlet | Found a transporter.
  7706 | Gauntlet | Found a transporter.
  7707 | Gauntlet | Noticed a death yak
  7708 | Gauntlet | Noticed a death yak
  7710 | Gauntlet | Noticed a death yak
  7710 | Gauntlet | Noticed a necromancer
  7711 | Gauntlet | Noticed a death yak
  7714 | Gauntlet | Noticed a death yak
  7718 | Gauntlet | Found a transporter.
  7721 | Gauntlet | Found the +2 ratskin cloak {*Rats rPois rN+ Str-1 Int-1
                  | Dex+1}
  7733 | Gauntlet | Noticed a fire crab
  7734 | Gauntlet | Found a transporter.
  7742 | Gauntlet | Found a runed translucent door.
  7744 | Gauntlet | Found a transporter.
  7746 | Gauntlet | Found a runed translucent door.
  7747 | Gauntlet | Noticed a dire elephant
  7749 | Gauntlet | Found a transporter.
  7752 | Gauntlet | Noticed a death scarab
  7791 | Gauntlet | Found a transporter.
  7791 | Gauntlet | Found a transporter.
  7803 | Gauntlet | Found a transporter.
  7834 | Gauntlet | 7834 ||| INVOKING Heroism.
  7842 | Gauntlet | HP: 11/66 [tengu warrior/+3 great sword (12)]
  7843 | Gauntlet | Killed a tengu warrior
  7851 | Gauntlet | Reached **** piety under Okawaru
  8033 | Gauntlet | Identified the +3 war axe of Extremism {flame, rPois Will++
                  | Int+2 Dex-5}
  8041 | Gauntlet | 8041 ||| INVOKING Heroism.
  8048 | Gauntlet | HP: 1/66 [death scarab (17)]
  8049 | Gauntlet | Mangled by a spectral cane toad

Levels and vault maps discovered:
D:1:      minmay_arrival_arboretum_small, layout_loops_ring, serial_shops, shop
D:2:      layout_basic, chequers_ecumenical_altar_twisty, minmay_heptomino_w4
D:3:      layout_basic, mainiacjoe_overflow_brackets
D:4:      layout_loops_ring, minmay_goblin_outpost, uniq_sigmund, uniq_pikel
D:5:      layout_basic, enter_ossuary_2, serial_shops, shop, uniq_duvessa
D:6:      layout_loops_ring, minivault_11, nicolae_figureground_sparkle
D:7:      layout_basic, lemuel_round_altar, minmay_temple_entry_poolview,
          enter_bailey_5, hangedman_abyss_or_decor_stabs
D:8:      layout_loops_cross, chequers_serial_rivers_small_a,
          roderic_serpentine_path, st_stairs_4, uniq_psyche
D:9:      layout_loops_ring, lair_entry_dummy, amcnicky_mini_pool_small,
          minmay_increasing_density
Temple:   bh_familiar_temple
Lair:1:   layout_hall_layers, gauntlet_entry_generic,
          grunt_forest_small_clearings
Gauntlet: gammafunk_gauntlet_mixed_choke_point
          [minmay_gauntlet_arena_77_block_sizes,
          minmay_gauntlet_arena_77_cramped, minmay_gauntlet_arena_77_box,
          gammafunk_gauntlet_arena_crates, minmay_gauntlet_arena_77_mess,
          minmay_gauntlet_arena_77_braids, minmay_gauntlet_arena_77_shame_cube,
          gauntlet_exit_hidden_loot]

Skill      XL: |  1  2  3  4  5  6  7  8  9 10 11 |
---------------+----------------------------------+-----
Ranged Weapons | 7 8 9 10 13 16 | 16.0
Fighting       | 4 6 7 |  7.0
Dodging        | 3 4 6 10 | 10.6
Armour         | 1 3 |  3.1
Invocations    | 2 4 |  4.2
Stealth        | |  1.2

Action                     |  1- 3 |  4- 6 |  7- 9 | 10-12 || total
---------------------------+-------+-------+-------+-------++-------
   Fire: Shortbow          |    55 |    56 |       |       ||   111
         Orcbow            |       |    38 |   309 |   190 ||   537
 Invoke: Heroism           |       |       |     2 |     6 ||     8
    Use: Scroll            |     2 |     6 |    10 |     6 ||    24
         Potion            |       |     2 |     3 |       ||     5
 Armour: Leather armour    |     3 |     3 |     5 |       ||    11
         Ring mail         |       |     1 |    51 |       ||    52
         Scale mail        |       |     1 |       |       ||     1
         Acid dragon scale |       |       |       |    15 ||    15
  Dodge: Dodged            |    11 |    18 |   184 |    71 ||   284

Table legend:
 A = Non-vault XP
 B = Vault XP
 C = Vault XP percentage of total XP
 D = Non-vault monster count
 E = Vault monster count
 F = Vault count percentage of total count
                 A         B        C        D         E       F
            +---------+---------+-------+---------+---------+-------
      Total |    9388 |    4542 |  32.6 |     156 |      49 |  23.9
            +---------+---------+-------+---------+---------+-------
        D:1 |      30 |       0 |   0.0 |      17 |       0 |   0.0
        D:2 |     121 |      47 |  28.0 |      20 |       7 |  25.9
        D:3 |     109 |       0 |   0.0 |      13 |       0 |   0.0
        D:4 |     151 |     866 |  85.2 |      16 |       8 |  33.3
        D:5 |     481 |     221 |  31.5 |       8 |       2 |  20.0
        D:6 |     779 |       0 |   0.0 |      12 |       0 |   0.0
        D:7 |     726 |       8 |   1.1 |      18 |       4 |  18.2
        D:8 |    1646 |     574 |  25.9 |      23 |       3 |  11.5
        D:9 |    2310 |     477 |  17.1 |      14 |       5 |  26.3
     Lair:1 |    3035 |       0 |   0.0 |      15 |       0 |   0.0
    Ossuary |       0 |     156 | 100.0 |       0 |      16 | 100.0
   Gauntlet |       0 |    2193 | 100.0 |       0 |       4 | 100.0
            +---------+---------+-------+---------+---------+-------
